AoeStats
← devellabs

Nomad

508793717Analyzed
4v4 RM · 10d ago on Sep 24, 2026· 59m 39s· 8 players
Game mode
Random Map
Map size
231×231
Population
200
Speed
Normal
Resources
Standard
Victory
Conquest
Starting age
Dark Age
Ending age
Imperial Age
RankedLock teamsTeams togetherTeam positionsShared explorationLock speedFull tech treeHidden civsTurbo modeCheats
Victory
Defeat
🇲🇽 Burmese · Mexico
1269
+15
🇨🇱 Hindustanis · Chile
1254
+15
🇲🇽 Saxons · Mexico
1247
+16
🇲🇽 Tupi · Mexico
1147
+19
🇨🇦 Mongols · Canada
1278
-18
🇦🇷 Persians · Argentina
1263
-17
🇦🇷 Khmer · Argentina
1253
-17
🇲🇽 Bulgarians · Mexico
1153
-13
Dark Gundam
6:14 Loom
13:00 Feudal Age
13:48 Double-Bit Axe
16:23 Fishing Lines
18:42 Wheelbarrow
21:54 Castle Age
20:05 Gold Mining
22:24 Forging
22:58 Medium Warships
23:43 Bow Saw
25:25 Iron Casting
27:22 Hand Cart
27:10 Gillnets
28:45 Horse Collar
30:07 Town Watch
36:09 Imperial Age
34:18 Careening
34:14 Squires
34:02 Arson
35:26 Scale Mail Armor
35:19 Fletching
37:40 Heavy Warships
38:07 Elite Varangian Guard
38:12 Capped Ram
39:22 Chain Mail Armor
39:33 Conscription
40:30 Shield Wall
43:41 Dry Dock
43:52 Elite Hearth Troop
45:54 Two-Man Saw
45:32 Pikeman
48:03 Plate Mail Armor
48:12 Bodkin Arrow
49:16 Hoardings
50:09 Murder Holes
50:38 Ballistics
51:18 Chemistry
50:24 Siege Engineers
51:18 Halberdier
53:13 Treadmill Crane
53:44 Masonry
53:26 Guard Tower
53:21 Arrowslits
55:26 Caravan
57:40 Coinage
57:20 Guilds
58:06 Heavy Plow
59:21 Architecture
LVH| Oskar Von Arnim
5:04 Loom
14:25 Feudal Age
18:53 Castle Age
16:46 Fishing Lines
26:10 Wheelbarrow
27:41 Horse Collar
30:40 Heavy Plow
34:01 Imperial Age
32:42 Bloodlines
32:34 Husbandry
34:37 Hand Cart
34:22 Gold Mining
35:01 Treadmill Crane
36:24 Chemistry
36:14 Elite Battle Elephant
39:47 Stone Mining
40:35 Scale Barding Armor
40:40 Forging
39:54 Man-at-Arms
40:20 Gambesons
41:16 Conscription
42:07 Gold Shaft Mining
41:02 Long Swordsman
41:43 Squires
42:19 Two-Handed Swordsman
43:04 Scale Mail Armor
43:40 Iron Casting
43:05 Champion
46:50 Chain Mail Armor
47:35 Blast Furnace
48:22 Plate Mail Armor
48:41 Fletching
50:45 Chain Barding Armor
53:58 Manipur Cavalry
55:24 Howdah
55:07 Pikeman
55:55 Halberdier
De_Aztek
3:14 Loom
13:29 Feudal Age
15:11 Double-Bit Axe
20:02 Castle Age
18:20 Gold Mining
20:32 Fletching
23:09 Padded Archer Armor
25:34 Ballistics
28:55 Wheelbarrow
28:21 Bodkin Arrow
30:42 Leather Archer Armor
34:24 Wheelbarrow
46:05 Imperial Age
47:19 Bow Saw
46:49 Horse Collar
47:45 Gold Shaft Mining
48:21 Conscription
48:19 Town Watch
48:45 Elite Skirmisher
49:15 Pikeman
49:55 Squires
52:02 Two-Man Saw
51:02 Heavy Plow
51:14 Curare
52:50 Bracer
53:21 Ring Archer Armor
56:45 Chemistry
55:25 Treadmill Crane
GunsNroses
3:27 Loom
14:19 Feudal Age
18:11 Castle Age
16:04 Double-Bit Axe
17:40 Wheelbarrow
18:36 Forging
19:00 Bloodlines
18:42 Fishing Lines
20:47 Gold Mining
21:25 Scale Barding Armor
27:06 Chain Barding Armor
27:09 Husbandry
36:06 Imperial Age
33:45 Town Watch
35:11 Iron Casting
35:03 Bow Saw
35:30 Gold Shaft Mining
36:09 Heavy Camel Rider
37:26 Plate Barding Armor
39:38 Blast Furnace
38:26 Imperial Camel Rider
40:17 Conscription
42:18 Fletching
46:32 Stone Mining
47:22 Bodkin Arrow
55:20 Elite Ghulam
57:13 Scale Mail Armor
58:22 Stone Shaft Mining
58:11 Chain Mail Armor
israel_poker
14:12 Feudal Age
15:36 Arson
27:28 Castle Age
27:36 Forging
27:27 Scale Mail Armor
29:40 Pikeman
38:23 Iron Casting
40:21 Horse Collar
41:11 Double-Bit Axe
42:05 Wheelbarrow
42:57 Chain Mail Armor
42:51 Scale Barding Armor
48
4:48 Loom
13:14 Feudal Age
17:03 Castle Age
15:16 Horse Collar
15:23 Double-Bit Axe
18:36 Bow Saw
22:23 Horse Collar
24:08 Wheelbarrow
23:52 Fletching
25:46 Heavy Plow
26:28 Hand Cart
26:17 Town Watch
28:35 Bodkin Arrow
29:18 Masonry
29:36 Padded Archer Armor
33:07 Imperial Age
31:36 Husbandry
31:46 Bloodlines
32:30 Thumb Ring
32:47 Leather Archer Armor
32:53 Ballistics
32:13 Light Cavalry
32:59 Scale Barding Armor
34:15 Conscription
33:25 Hussar
34:17 Forging
34:56 Bracer
36:24 Chemistry
36:12 Town Patrol
35:53 Elite Mangudai
37:21 Iron Casting
37:50 Parthian Tactics
38:33 Fishing Lines
39:20 Chain Barding Armor
40:01 Blast Furnace
40:34 Drill
41:56 Fortified Wall
42:08 Murder Holes
50:56 Gold Mining
50:56 Stone Mining
52:57 Siege Engineers
devellabs
4:38 Loom
14:37 Feudal Age
15:07 Double-Bit Axe
21:53 Castle Age
20:11 Fishing Lines
21:03 Bloodlines
21:10 Gold Mining
21:58 Scale Barding Armor
23:06 Medium Warships
22:54 Horse Collar
23:59 Heavy Plow
25:12 Bow Saw
26:36 Forging
29:37 Stone Mining
36:57 Imperial Age
36:59 Pikeman
38:29 Scale Mail Armor
38:07 Halberdier
39:29 Wheelbarrow
39:56 Gold Shaft Mining
40:36 Chain Mail Armor
41:12 Hand Cart
43:05 Fletching
44:03 Bodkin Arrow
46:06 Light Cavalry
46:48 Husbandry
47:26 Hussar
49:47 Chain Barding Armor
56:15 Crop Rotation
56:47 Two-Man Saw
c_Roi
5:12 Loom
12:34 Feudal Age
19:36 Castle Age
18:45 Bloodlines
20:47 Husbandry
21:03 Scale Barding Armor
21:12 Forging
21:14 Horse Collar
21:26 Gold Mining
21:53 Fishing Lines
25:32 Iron Casting
25:49 Scale Barding Armor
29:39 Wheelbarrow
32:55 Town Watch
34:21 Gold Shaft Mining
37:10 Imperial Age
35:24 Chain Barding Armor
38:34 Plate Barding Armor
39:00 Blast Furnace
43:29 Conscription
43:15 Town Patrol
44:01 Tusk Swords
48:13 Heavy Plow
50:08 Hand Cart
49:57 Elite Battle Elephant
Connection lost

Rejoining the realm…

Still unreachable

The connection could not be restored.

Session expired

The server has moved on; the page needs a fresh start.